 Dungeon Crawl Stone Soup version 0.22.1-2-g9c5b331 (webtiles) character file.

28 errolflynn the Grasshopper (level 3, 0/29 HPs)
             Began as a Centaur Warper on Dec 30, 2018.
             Slain by Terence
             ... wielding a +0 short sword
              (2 damage)
             ... on level 2 of the Dungeon.
             The game lasted 00:30:41 (1745 turns).

errolflynn the Grasshopper (Centaur Warper)         Turns: 1745, Time: 00:30:42

Health: 0/29       AC:  4    Str: 14    XL:     3   Next: 0%
Magic:  5/5        EV:  9    Int: 12    God:
Gold:   31         SH:  0    Dex:  8    Spells: 5/5 levels left

rFire    . . .     SeeInvis .   d - +0 short sword
rCold    . . .     Gourm    .   (no shield)
rNeg     . . .     Faith    .   b - +0 leather armour
rPois    .         Spirit   .   (no helmet)
rElec    .         Reflect  .   (no cloak)
rCorr    .         Harm     .   (no gloves)
MR       .....                  (no barding)
Stlth    ..........             (no amulet)
HPRegen  0.09/turn              (no ring)
MPRegen  0.09/turn              (no ring)

@: very quick
A: large, hooves 3, deformed body, speed 2, tough skin 3
a: no special abilities


You were on level 2 of the Dungeon.
You were not hungry.

You visited 1 branch of the dungeon, and saw 2 of its levels.

You collected 31 gold pieces.

Inventory:

Hand Weapons
 a - a +0 spear
 d - a +0 short sword (weapon)
 j - a +0 club
 m - a +0 falchion
Missiles
 e - 5 tomahawks of dispersal
 k - 42 stones (quivered)
Armour
 b - a +0 leather armour (worn)
 l - a +0 ring mail
 n - a +0 leather armour
 o - a +0 ring mail
Scrolls
 g - a scroll of identify {unknown}
 i - a scroll of blinking
 p - a scroll of amnesia {unknown}
Potions
 c - a potion of berserk rage {unknown}
 h - 2 potions of curing {unknown}
Comestibles
 f - 3 rations


   Skills:
 + Level 2.1 Fighting
 * Level 0.1 Short Blades
 * Level 2.3 Polearms
 * Level 1.1 Throwing
 * Level 0.8 Armour
 * Level 1.7 Dodging
 * Level 0.1 Stealth
 * Level 0.3 Unarmed Combat
 + Level 1.7 Spellcasting
   Level 2.6 Translocations


You had 5 spell levels left.
You didn't know any spells.
Your spell library contained the following spells:

 Spells                   Type           Power        Failure   Level  Hunger
 Blink                    Tloc           N/A          17%         2    ###....
 Shroud of Golubria       Chrm/Tloc      #.........   30%         2    ###....
 Gell's Gravitas          Tloc           #.........   34%         3    ####...
 Lesser Beckoning         Tloc           #.........   34%         3    ####...
 Teleport Other           Tloc           #.......     34%         3    ####...
 Passage of Golubria      Tloc           N/A          75%         4    #####..


Dungeon Overview and Level Annotations

Branches:
Dungeon (2/15)

Altars:

Annotations:
D:2 Terence


Innate Abilities, Weirdness & Mutations

You have hooves in place of feet.
Armour fits poorly on your strangely shaped body.
You cover ground very quickly.
You have extremely tough skin. (AC +3)


Message History

You barely miss Terence. Your kick misses Terence.
The kobold throws a stone.
The stone barely misses you. Terence hits you with a short sword.
* * * LOW HITPOINT WARNING * * *
You hit Terence but do no damage. You kick Terence, but do no damage.
The kobold throws a stone.
The stone barely misses you. Terence hits you with a short sword.
* * * LOW HITPOINT WARNING * * *
You hit Terence but do no damage.
The kobold throws a stone.
The stone hits you but does no damage. Terence hits you with a short sword.
* * * LOW HITPOINT WARNING * * *
You hit Terence.
Terence is moderately wounded.
Terence hits you but does no damage.
You hit Terence but do no damage. You kick Terence.
Terence is moderately wounded.
Terence zaps a wand.
The puff of flame misses you.
You hit Terence.
Terence is heavily wounded.
Terence hits you with a short sword.
You die...

.......................#...#.#.##
..........<............#...#.#...
.......................#.. #.#...
....####...##..........#. #.#...
##### #8...8#..........# #.#..#
##...##........##.........#
#...##........##.........#
#...##....@..............#
⌠...8#...@.^.............#
##...##....................
#$).....>...... #..............
#............## #K....######...
......# ... .......# .......(#


You could see Terence and a kobold.

Vanquished Creatures
  A leopard gecko (D:2)
  A giant cockroach (D:2)
  3 hobgoblins
  4 jackals (D:1)
  A quokka (D:2)
  7 bats
  3 frilled lizards
  5 kobolds
  2 rats (D:1)
  4 plants (D:1)
31 creatures vanquished.

Notes
Turn   | Place    | Note
-------+----------+-------------------------------------------
     0 | D:1      | errolflynn the Centaur Warper began the quest for the Orb.
     0 | D:1      | Reached XP level 1. HP: 17/17 MP: 3/3
   340 | D:1      | Reached XP level 2. HP: 17/24 MP: 4/4
  1721 | D:2      | Noticed Terence
  1733 | D:2      | Reached XP level 3. HP: 13/29 MP: 5/5
  1742 | D:2      | HP: 1/29 [Terence/short sword (3)]
  1745 | D:2      | Slain by Terence

Skill      XL: |  1 |
---------------+----+-----
Polearms       | 2 |  2.3
Fighting       | |  2.1
Short Blades   | |  0.1
Throwing       | |  1.1
Armour         | |  0.8
Dodging        | |  1.7
Stealth        | |  0.1
Unarmed Combat | |  0.3
Spellcasting   | |  1.7
Translocations | |  2.6

Action                   || total
-------------------------++-------
Melee: Spear             ||   214
       Kick              ||    79
       Short sword       ||    44
  Eat: Ration            ||     1
Armor: Leather armour    ||    39
Dodge: Dodged            ||    67
